 Dungeon Crawl Stone Soup version 0.28.0-43-g3370ac3207 (webtiles) character file.

Game seed: 1472773822958911336

30 Ablot the Grasshopper (level 3, -1/31 HPs)
             Began as a Gnoll Warper on Mar 18, 2022.
             Slain by a gnoll
             ... wielding a +0 flail
              (8 damage)
             ... on level 1 of the Dungeon.
             The game lasted 00:01:39 (1270 turns).

Ablot the Grasshopper (Gnoll Warper)                Turns: 1270, Time: 00:01:40

Health: -1/31      AC:  6    Str: 12    XL:     3   Next: 20%
Magic:  9/9        EV: 12    Int: 12    God:
Gold:   66         SH:  0    Dex: 11    Spells: 12/12 levels left

rFire   . . .      SeeInvis .   a - +0 spear
rCold   . . .      Faith    .   (no shield)
rNeg    . . .      Spirit   .   b - +0 leather armour
rPois   .          Reflect  .   (no helmet)
rElec   .          Harm     .   (no cloak)
rCorr   .          Rampage  .   g - +2 pair of gloves
Will    .....                   (no boots)
Stlth   +.........              (no amulet)
HPRegen 0.10/turn               (no ring)
MPRegen 0.11/turn               (no ring)

@: no status effects
A: fangs 1, strong nose, distributed training
a: no special abilities


You were on level 1 of the Dungeon.
You visited 1 branch of the dungeon, and saw 2 of its levels.

You collected 66 gold pieces.

Inventory:

Hand Weapons
 a - a +0 spear (weapon)
Missiles
 d - 5 boomerangs of dispersal (quivered)
 e - 8 bolts
 f - 43 sling bullets
 i - 4 javelins
 j - 37 stones
Armour
 b - a +0 leather armour (worn)
 g - a +2 pair of gloves (worn)
Scrolls
 c - 2 scrolls of blinking
 h - 3 scrolls of teleportation {unknown}
 k - a scroll of identify {unknown}
 l - a scroll of torment {unknown}
Potions
 m - a potion of flight {unknown}


   Skills:
 + Level 4.5 Fighting
 + Level 0.6 Short Blades
 + Level 0.6 Long Blades
 + Level 0.6 Axes
 + Level 0.6 Maces & Flails
 + Level 4.5 Polearms
 + Level 0.6 Staves
 + Level 0.6 Slings
 + Level 0.6 Bows
 + Level 0.6 Crossbows
 + Level 2.5 Throwing
 + Level 2.5 Armour
 + Level 4.5 Dodging
 + Level 0.6 Stealth
 + Level 0.6 Shields
 + Level 0.6 Unarmed Combat
 + Level 5.0 Spellcasting
 + Level 0.4 Conjurations
 + Level 0.4 Hexes
 + Level 0.4 Summonings
 + Level 0.4 Necromancy
 + Level 5.4 Translocations
 + Level 0.4 Transmutations
 + Level 0.4 Fire Magic
 + Level 0.4 Ice Magic
 + Level 0.4 Air Magic
 + Level 0.4 Earth Magic
 + Level 0.4 Poison Magic
 + Level 0.8 Invocations
 + Level 0.6 Evocations


You had 12 spell levels left.
You didn't know any spells.
Your spell library contained the following spells:

 Spells                   Type           Power      Damage    Failure   Level
 Blink                    Tloc           30%        N/A       4%          2
 Gell's Gravitas          Tloc           15%        N/A       9%          3
 Lesser Beckoning         Tloc           15%        N/A       9%          3
 Teleport Other           Tloc           15%        N/A       9%          3
 Manifold Assault         Tloc           15%        N/A       61%         5


Dungeon Overview and Level Annotations

Branches:
Dungeon (2/15)

Altars:


Innate Abilities, Weirdness & Mutations

You have very sharp teeth.
Your uncanny sense of smell can sniff out nearby items.
Your experience applies equally to all skills.


Message History

The gnoll hits you from afar with a +0 spear.
You are too injured to fight recklessly!
You are too injured to fight recklessly!
You are too injured to fight recklessly!
You are too injured to fight recklessly!
You are too injured to fight recklessly!
Unknown command.
The gnoll hits you with a +0 flail.
* * * LOW HITPOINT WARNING * * *
There is an open door here.
There is an open door here.
The gnoll hits you but does no damage. The gnoll closely misses you.
There is an open door here.
The gnoll closely misses you.
There is a stone staircase leading up here.
The gnoll hits you with a +0 flail.
You climb upwards.
There is a stone staircase leading down here.
You hit the gnoll.
The gnoll is moderately wounded.
The gnoll hits you with a +0 flail!
* * * LOW HITPOINT WARNING * * *
There is a stone staircase leading down here.
Reach: a) +0 spear
Press: ? - help, Dir - move target, f - gnoll
Aim: a gnoll, wielding a +0 flail (moderately wounded, about 34% to evade your +0 spear)
You reach to attack!
You hit the gnoll but do no damage.
The gnoll is moderately wounded.
Unknown command.
You see here a +0 robe.
You don't know any spells.
The gnoll barely misses you.
You hit the gnoll.
The gnoll is moderately wounded.
The gnoll misses you.
You barely miss the gnoll. Your bite misses the gnoll.
The gnoll is moderately wounded.
The gnoll hits you with a +0 flail!
You die...

########## #####...>....#
###########.....[#####>#
#................## #.#
#.######..........# #.#
#.######.##.####..# #.#
................g.# #.#
..........#####.@.# #.#
########.## ##...# #.# #
###...####....# #.# #
##.............# #.####
####......####..#.# #....#
..........####..#.# ####.#
####............#.# #.#
#####.............# #####.##
.......#######..#.###......###


You could see a gnoll.

Vanquished Creatures
  2 dart slugs
  2 ball pythons (D:1)
  2 endoplasms (D:1)
  A giant cockroach (D:2)
  4 goblins
  A hobgoblin (D:2)
  3 kobolds (D:1)
  3 quokkas
  A bat (D:2)
  2 frilled lizards (D:1)
  2 rats
23 creatures vanquished.

Notes
Turn   | Place    | Note
-------+----------+-------------------------------------------
     0 | D:1      | Ablot the Gnoll Warper began the quest for the Orb.
     0 | D:1      | Reached XP level 1. HP: 20/20 MP: 6/6
    53 | D:1      | Reached XP level 2. HP: 10/26 MP: 7/7
   881 | D:1      | Found a faded altar of an unknown god.
  1104 | D:2      | Reached XP level 3. HP: 31/31 MP: 9/9
  1147 | D:2      | Reached skill level 5 in Spellcasting
  1270 | D:1      | Slain by a gnoll

Illustrated notes

Levels and vault maps discovered:
D:1:      scummos_arrival_checkerplants, layout_loops_ring,
          dilly_ecumenical_altar_fadedgnrine, minmay_misc_feat_rows,
          minmay_liquid_box, minmay_misc_feat_doors
D:2:      layout_loops_corners, grunt_ministairs_5, roderic_serpentine_path,
          uniq_natasha, uniq_jessica

Skill      XL: |  1  2  3 |
---------------+----------+-----
Spellcasting   | 5 |  5.0
Fighting       | |  4.5
Short Blades   | |  0.6
Long Blades    | |  0.6
Axes           | |  0.6
Maces & Flails | |  0.6
Polearms       | |  4.5
Staves         | |  0.6
Slings         | |  0.6
Bows           | |  0.6
Crossbows      | |  0.6
Throwing       | |  2.5
Armour         | |  2.5
Dodging        | |  4.5
Stealth        | |  0.6
Shields        | |  0.6
Unarmed Combat | |  0.6
Conjurations   | |  0.4
Hexes          | |  0.4
Summonings     | |  0.4
Necromancy     | |  0.4
Translocations | |  5.4
Transmutations | |  0.4
Fire Magic     | |  0.4
Ice Magic      | |  0.4
Air Magic      | |  0.4
Earth Magic    | |  0.4
Poison Magic   | |  0.4
Invocations    | |  0.8
Evocations     | |  0.6

Action                   || total
-------------------------++-------
Melee: Spear             ||    99
       Bite              ||     7
       Punch             ||     1
Armor: Leather armour    ||    29
Dodge: Dodged            ||    41
